 Dungeon Crawl Stone Soup version 0.29-a0-620-g13ace881f2 (webtiles) character file.

Game seed: 12240540284114427848

4095 PentaManta the Whirler (level 10, 0/46 HPs)
             Began as a Spriggan Brigand on June 18, 2022.
             Was a Priest of Nemelex Xobeh.
             Engulfed by a steam dragon's steam (5 damage)
             ... on level 8 of the Dungeon.
             The game lasted 00:19:54 (9205 turns).

PentaManta the Whirler (Spriggan Brigand)           Turns: 9205, Time: 00:19:54

Health: 0/46       AC:  3    Str:  7    XL:     10   Next: 5%
Magic:  11/11      EV: 32    Int: 15    God:    Nemelex Xobeh [***...]
Gold:   470        SH:  0    Dex: 25    Spells: 9/9 levels left

rFire   . . .      SeeInvis +   f - +4 fustibalus (freeze)
rCold   . . .      Faith    .   (shield currently unavailable)
rNeg    . . .      Spirit   .   b - +0 robe
rPois   .          Reflect  .   g - +0 hat
rElec   .          Harm     .   c - +0 cloak
rCorr   .          Rampage  .   (gloves unavailable)
Will    +....                   (boots unavailable)
Stlth   ++++......              l - amulet of the acrobat
HPRegen 0.15/turn               u - +6 ring of dexterity
MPRegen 0.12/turn               (no ring)

@: acrobatic, very quick
A: very small, no large weapons, unfitting armour, see invisible, speed 3
a: Renounce Religion, Draw Escape, Draw Destruction, Draw Summoning, Triple Draw


You were on level 8 of the Dungeon.
You worshipped Nemelex Xobeh.
Nemelex Xobeh was most pleased with you.
You visited 2 branches of the dungeon, and saw 9 of its levels.
You also visited: Ossuary.

You collected 470 gold pieces.

Inventory:

Hand Weapons
 a - a +2 dagger
 f - a +4 fustibalus of freezing (weapon)
 o - a +0 short sword of venom
 P - a +2 scimitar of flaming
Missiles
 d - 22 poisoned darts
 B - 2 silver boomerangs
 F - 3 curare-tipped darts
 I - 5 boomerangs
 Q - 2 throwing nets
Armour
 b - a +0 robe (worn)
 c - a +0 cloak (worn)
 e - a +1 buckler of poison resistance
 g - a +0 hat (worn)
 E - a scarf of resistance
Magical Staves
 r - a staff of fire
 N - a staff of cold
Jewellery
 l - an amulet of the acrobat (around neck)
 n - an amulet of guardian spirit
 p - a ring of positive energy
 u - a +6 ring of dexterity (left hand)
 y - a ring of ice
 D - a ring of ice
 J - an amulet of magic regeneration
Wands
 m - a wand of polymorph (4)
 s - a wand of flame (8)
 K - a wand of light (8)
 M - a wand of iceblast (4)
Scrolls
 j - a scroll of acquirement
 k - a scroll of enchant armour
 L - a scroll of teleportation
 O - a scroll of immolation {unknown}
Potions
 h - a potion of haste
 i - 2 potions of might
 q - 3 potions of brilliance
 t - a potion of ambrosia
 v - 6 potions of curing
 w - 5 potions of resistance
 x - 2 potions of berserk rage
 z - 2 potions of magic
 A - 2 potions of flight
 C - 3 potions of cancellation {unknown}
 G - a potion of heal wounds
 H - 13 potions of degeneration


   Skills:
 - Level 1.5 Fighting
 - Level 2.1 Short Blades
 + Level 15.9(16.3) Slings
 - Level 5.1(10.2) Throwing
 - Level 1.3 Dodging
 - Level 5.8 Stealth


You had 9 spell levels left.
You didn't know any spells.
Your spell library contained the following spells:

 Spells                   Type           Power      Damage    Failure   Level
 Ozocubu's Armour         Ice            0%         N/A       63%         3
 Summon Guardian Golem    Hex/Summ       0%         N/A       63%         3
 Animate Armour           Summ/Erth      0%         N/A       95%         4
 Animate Dead             Necr           0%         N/A       95%         4
 Blade Hands              Tmut           0%         N/A       100%        5
 Iron Shot                Conj/Erth      0%         9d1       100%        6
 Haunt                    Necr/Summ      0%         N/A       100%        7
 Orb of Destruction       Conj           0%         9d5       100%        7
 Ozocubu's Refrigeration  Ice            0%         4d5       100%        7
 Spellforged Servitor     Conj/Summ      0%         N/A       100%        7
 Infestation              Necr           0%         N/A       100%        8


Dungeon Overview and Level Annotations

Branches:
Dungeon (8/15)             Temple (1/1) D:4         Ossuary (visited)
   Lair: D:8-11

Altars:
Ashenzari
Cheibriados
Dithmenos
Elyvilon
Fedhas
Gozag
Hepliaklqana
Kikubaaqudgha
Makhleb
Nemelex Xobeh
Okawaru
Qazlal
Ru
Sif Muna
Trog
Uskayaw
Vehumet
Wu Jian
Xom
Yredelemnul
Zin
The Shining One


Innate Abilities, Weirdness & Mutations

You are very small and have problems with some larger weapons.
You are too small for most types of armour.
You have supernaturally acute eyesight. (SInv)
You cover ground extremely quickly. (Speed+++)


Message History

A steam dragon is nearby!
You shoot a sling bullet. The sling bullet hits the steam dragon!
The sling bullet freezes the steam dragon.
The steam dragon hisses angrily.
The steam dragon is moderately wounded.
You shoot a sling bullet.
The sling bullet hits the steam dragon but does no damage.
The steam dragon is moderately wounded.
The steam dragon breathes steam at you. The ball of steam misses you.
You shoot a sling bullet.
The sling bullet hits the steam dragon but does no damage.
The steam dragon is moderately wounded.
You are engulfed in a cloud of scalding steam.
The steam dragon misses you. The steam dragon closely misses you.
You shoot a sling bullet. The sling bullet hits the steam dragon.
The sling bullet freezes the steam dragon.
The steam dragon is severely wounded.
You are engulfed in a cloud of scalding steam.
The steam dragon bites you but does no damage.
The steam dragon closely misses you.
You shoot a sling bullet.
The sling bullet hits the steam dragon but does no damage.
The steam dragon is severely wounded.
You are engulfed in a cloud of scalding steam.
You shoot a sling bullet.
The sling bullet barely misses the steam dragon.
You are engulfed in a cloud of scalding steam.
The steam dragon completely misses you. The steam dragon claws you.
You are too injured to fight recklessly!
The steam dragon breathes steam at you. The ball of steam hits you!
* * * LOW HITPOINT WARNING * * *
You are engulfed in a cloud of scalding steam.
* * * LOW HITPOINT WARNING * * *
You are engulfed in a cloud of scalding steam.
* * * LOW HITPOINT WARNING * * *
You are engulfed in a cloud of scalding steam.
You die...
Your body disappears without a glow.

......#
#...........#+#..[.....##
#######
#..........##.#........##
#.............#........##
#.#...........'........##
#.#.........###.......###
#.#########.# #.......#
#. #.# #.......#
#.#########.# #########
#.D§§§§§@...#
#############


There were no monsters in sight!

Vanquished Creatures
  Erica (D:8)
  A hornet (D:7)
  Grinder (D:3)
  A steam dragon (D:6)
  Menkaure (D:5)
  A water moccasin (D:6)
  2 ice beasts
  2 orc warriors
  2 sky beasts
  A black bear (D:4)
  2 ogres
  A centaur (D:6)
  A phantom (D:6)
  2 bullfrogs (D:7)
  An elf zombie (Ossuary)
  2 gnoll sergeants
  2 scorpions (D:5)
  3 killer bees (D:8)
  5 howler monkeys
  A gnoll shaman (D:8)
  A hound (D:6)
  A jelly (D:5)
  A human zombie (Ossuary)
  4 orc priests
  Terence (D:2)
  2 orc wizards
  A hound zombie (Ossuary)
  4 mummies (Ossuary)
  15 gnolls
  7 adders
  A river rat (D:6)
  A shadow imp (D:6)
  3 white imps
  An adder zombie (Ossuary)
  3 worms
  5 dart slugs
  19 orcs
  9 endoplasms
  4 giant cockroaches
  2 gnoll zombies (Ossuary)
  9 goblins
  7 hobgoblins
  13 jackals
  3 quokkas
  8 ball pythons
  5 bats
  7 frilled lizards
  3 goblin zombies (Ossuary)
  8 kobolds
  An orc zombie (Ossuary)
  5 rats
  2 rat zombies (Ossuary)
189 creatures vanquished.

Vanquished Creatures (collateral kills)
  A hornet (D:6)
  An ice beast (D:6)
  An orc (D:6)
3 creatures vanquished.

Grand Total: 192 creatures vanquished

Notes
Turn   | Place    | Note
-------+----------+-------------------------------------------
     0 | D:1      | PentaManta the Spriggan Brigand began the quest for the
                  | Orb.
     0 | D:1      | Reached XP level 1. HP: 10/10 MP: 2/2
    40 | D:1      | Reached skill level 1 in Slings
   520 | D:1      | Reached skill level 2 in Slings
   525 | D:1      | Reached XP level 2. HP: 14/14 MP: 3/3
  1081 | D:1      | Reached skill level 3 in Slings
  1324 | D:2      | Noticed Terence
  1329 | D:2      | Killed Terence
  1330 | D:2      | Reached skill level 4 in Slings
  1330 | D:2      | Reached XP level 3. HP: 18/18 MP: 4/4
  2164 | D:2      | Reached XP level 4. HP: 22/22 MP: 5/5
  2447 | D:2      | Found a shimmering blue altar of Sif Muna.
  2500 | D:2      | Reached skill level 5 in Slings
  3128 | D:3      | Noticed Grinder
  3169 | D:3      | Paralysed by Grinder for 2 turns
  3236 | D:4      | Identified 3 scrolls of acquirement
  3236 | D:4      | Acquired a +0 buckler of poison resistance
  3238 | D:4      | Acquired a +2 fustibalus of freezing
  3317 | D:4      | Found a sand-covered staircase.
  3580 | D:3      | Reached XP level 5. HP: 21/25 MP: 6/6
  3601 | D:3      | Paralysed by Grinder for 5 turns
  3616 | D:3      | Paralysed by Grinder for 2 turns
  3619 | D:3      | Killed Grinder
  3620 | D:3      | Reached skill level 6 in Slings
  3620 | D:3      | Reached XP level 6. HP: 30/30 MP: 7/7
  3862 | D:4      | Reached skill level 7 in Slings
  3879 | Ossuary  | Entered an ossuary
  4163 | Ossuary  | Reached XP level 7. HP: 27/33 MP: 8/8
  4475 | D:4      | Found a staircase to the Ecumenical Temple.
  4800 | D:3      | Found a glowing silver altar of Zin.
  4965 | D:3      | Reached skill level 5 in Throwing
  5012 | D:3      | Reached skill level 8 in Slings
  5112 | D:3      | Found a faded altar of an unknown god.
  5219 | Temple   | Entered the Ecumenical Temple
  5489 | Temple   | Became a worshipper of Nemelex Xobeh the Trickster
  5667 | D:5      | Entered Level 5 of the Dungeon
  5711 | D:5      | Noticed Menkaure
  5713 | D:5      | Killed Menkaure
  5734 | D:5      | Reached skill level 9 in Slings
  5800 | D:5      | Reached XP level 8. HP: 37/37 MP: 9/9
  5940 | D:5      | Reached * piety under Nemelex Xobeh
  6112 | D:5      | Received a gift from Nemelex Xobeh
  6562 | D:6      | Reached skill level 10 in Slings
  6817 | D:6      | Reached ** piety under Nemelex Xobeh
  6938 | D:6      | Reached skill level 11 in Slings
  6941 | D:6      | Noticed Sigmund
  6947 | D:6      | Noticed Sigmund
  6947 | D:6      | Sigmund changed into Sigmund the river rat
  6950 | D:6      | Killed Sigmund the river rat
  7277 | D:6      | Reached skill level 12 in Slings
  7525 | D:7      | Noticed a hornet
  7720 | D:6      | Killed a hornet
  7721 | D:6      | Reached XP level 9. HP: 17/41 MP: 10/10
  7915 | D:6      | Reached skill level 13 in Slings
  8164 | D:7      | Received a gift from Nemelex Xobeh
  8199 | D:7      | Reached skill level 14 in Slings
  8324 | D:7      | Reached *** piety under Nemelex Xobeh
  8347 | D:7      | Received a gift from Nemelex Xobeh
  8697 | D:8      | Reached skill level 15 in Slings
  8794 | D:8      | Received a gift from Nemelex Xobeh
  8825 | D:8      | Noticed Erica
  8839 | D:8      | Killed Erica
  8840 | D:8      | Reached XP level 10. HP: 22/46 MP: 11/11
  9205 | D:8      | Engulfed by a steam dragon's steam

Illustrated notes

Levels and vault maps discovered:
D:1:      erik_arrival_orb_chamber, layout_basic, serial_aquarium,
          aquarium_bridge_square [aquarium_subvault_bridge,
          aquarium_subvault_balcony, aquarium_subvault_wall,
          aquarium_subvault_balcony], aquarium_window_corridor_1,
          aquarium_window_corner, aquarium_window_fake, aquarium_window_corner,
          aquarium_view_2d, aquarium_view_2b, aquarium_balcony_5b,
          aquarium_pool_2, minmay_lizard_pond
D:2:      layout_basic, basic_altar, chequers_serial_rivers_marsh, st_stairs_3,
          uniq_terence
D:3:      layout_loops_ring, mainiacjoe_overflow_alcove_2,
          ebering_ecumenical_altar_abandoned, st_stairs_4, item_on_display_a,
          uniq_grinder
D:4:      layout_rooms, minmay_temple_entry_crystal_x, enter_ossuary_1
D:5:      nicolae_cairo_tiling_very_big, layout_gridville, feat_on_display,
          uniq_menkaure
D:6:      layout_basic, serial_glass, glass_columns_a, glass_columns_a,
          uniq_sigmund
D:7:      layout_cave_pools, enter_bailey_7
D:8:      layout_basic, uniq_erica
Temple:   mainiacjoe_temple_hex_bubbles

Skill      XL: |  1  2  3  4  5  6  7  8  9 |
---------------+----------------------------+-----
Slings         | 2 4 5 6 7 9 12 15 | 15.9
Throwing       | 3 4 5 |  5.1
Fighting       | |  1.5
Short Blades   | |  2.1
Dodging        | |  1.3
Stealth        | |  5.8

Action                   |  1- 3 |  4- 6 |  7- 9 | 10-12 || total
-------------------------+-------+-------+-------+-------++-------
Melee: Dagger            |   112 |   107 |       |       ||   219
       Punch             |       |     3 |       |       ||     3
 Fire: Fustibalus        |       |   103 |   244 |    13 ||   360
       Shortbow          |       |       |     1 |       ||     1
Throw: Stone             |     6 |     2 |       |       ||     8
       Dart              |     1 |     3 |       |       ||     4
Invok: Draw Destruction  |       |       |     3 |       ||     3
       Draw Summoning    |       |       |     1 |       ||     1
Evoke: Wand              |       |     4 |       |       ||     4
  Use: Scroll            |       |     8 |    11 |       ||    19
       Potion            |       |       |     1 |       ||     1
 Stab: Sleeping          |     9 |     5 |       |       ||    14
       Distracted        |     1 |     1 |       |       ||     2
Armor: Robe              |     2 |    17 |     2 |     1 ||    22
       Skin              |       |     2 |       |       ||     2
Dodge: Dodged            |    61 |   129 |    33 |     5 ||   228

Table legend: (Time is in decaauts)
 A = Elapsed time spent in this place.
 B = Non-inter-level travel time spent in this place.
 C = Inter-level travel time spent in this place.
 D = Time resting spent in this place.
 E = Time spent auto-exploring this place.
 F = Levels seen in this place.
 G = Mean time per level.
                   A        B        C        D        E       F      G
               +--------+--------+--------+--------+--------+-----+--------+
         Total |   7144 |   6827 |    317 |   1351 |   4194 |  10 |  714.4 |
       Dungeon |   6565 |   6288 |    277 |   1351 |   3825 |   8 |  820.6 |
        Temple |    190 |    151 |     39 |      0 |    145 |   1 |  190.0 |
       Ossuary |    388 |    388 |      0 |      0 |    223 |   1 |  388.0 |
               +--------+--------+--------+--------+--------+-----+--------+

Top non-repeatable levels by time:
     D:1: 1268 daAuts
     D:2: 1250 daAuts
     D:6: 1243 daAuts
     D:3: 895 daAuts
     D:4: 592 daAuts
     D:5: 527 daAuts
     D:8: 478 daAuts
 Ossuary: 388 daAuts
     D:7: 309 daAuts
  Temple: 190 daAuts
